Cogmind - Beta 14 X2 @@@ ROGUE MODE // 2024.08.01 @ 03:08:28 Player: cptwinky Result: Destroyed by H-77 Assassin with Coil Gun Performance ------------- Evolutions (6) 3000 Regions Visited (15) 3000 Robots Destroyed (194) 970 Value Destroyed (7158) 7158 Prototype IDs (27) 540 Alien Tech Used (0) 0 Bonus (5198) 5198 TOTAL SCORE: 19866 Bonus ------- High Alert Combat Kills 1181 Follower Combat Kills 3092 Network Hubs Disabled 400 Registered with UFD 300 Met R17 at Cetus 500 Friendly Fire -275 Cogmind --------- Core Integrity 0/1150 Matter 95/300 Energy 23/100 System Corruption 6% Temperature Cool (0) Movement Core (50) Location -4/Factory Parts ------- > --- POWER (3) -------- (None) > --- PROPULSION (5) --- Improved Antigrav System > --- UTILITY (9) ------ (None) > --- WEAPON (2) ------- (None) > --- INVENTORY (5) ---- Experimental Sensor Array Advanced Transmission Jammer Experimental ECM Suite Improved Component Analysis Suite Companion Sword Peak State ------------ > --- POWER ------------ Light Nuclear Core Light Antimatter Reactor Light Quantum Reactor > --- PROPULSION ------- Improved Medium Treads Centrium Heavy Treads Overtuned Huge Scrapsphere > --- UTILITY ---------- Scrap Suit High-capacity Storage Unit Advanced Signal Interpreter Microactuators Advanced Transmission Jammer Layered Heavy Armor Plating Centrium Medium Armor Plating > --- WEAPON ----------- Improved Datajack Companion Sword > --- INVENTORY -------- Advanced Heat Sink Improved Energy Well Experimental Sensor Array Core Analyzer Advanced Transmission Jammer Experimental ECM Suite Makeshift Cloaking Device Layered Medium Armor Plating Layered Medium Armor Plating Centrium Medium Armor Plating Improved Component Analysis Suite Overtuned Beamcaster Bore Cannon Scatter Rocket Array Multitool [Rating: 117] Favorites ----------- Power Quantum Reactor Engine Heavy Ion Engine Power Core Micro Nuclear Core Reactor Quantum Reactor Propulsion Light Treads Treads Light Treads Leg Flexi-carbon Leg Wheel Overtuned Huge Scrapsphere Hover Unit Improved Antigrav System Utility Large Storage Unit Device Cooling System Storage Large Storage Unit Processor Advanced Melee Analysis Suite Hackware Hacking Suite Protection Hardened Light Armor Plating Weapon Companion Sword Energy Gun Spread Laser Energy Cannon Beam Cannon Ballistic Gun Assault Rifle Ballistic Cannon Bore Cannon Launcher Scatter Rocket Array Special Weapon Multitool Impact Weapon Heavy Hammer Slashing Weapon Companion Sword Special Melee Weapon Improved Datajack Build | -11 -10 -10 -9 -9 -9 -9 -6 -6 -6 -6 -6 -5 -5 -5 -4 ------- Run | Yrd Mat Min Mat Sto Rec Scr Fac Ext Cet Arc Hub Fac Upp Upp Fac Slots Evolved 12 | . . . 2 . . . 6 . . . . 2 . . 2 Power 2 | . . . . . . . 1 . . . . . . . 1 Propulsion 3 | . . . 1 . . . 1 . . . . 1 . . . Utility 7 | . . . 1 . . . 4 . . . . 1 . . 1 Weapon . | . . . . . . . . . . . . . . . . Parts Attached 231 | 6 6 1 20 30 6 3 14 42 12 . 3 22 16 5 45 Power 25 | 1 2 . 2 1 . . 1 6 2 . 1 1 . . 8 Engine 13 | 1 2 . 2 1 . . 1 5 . . . . . . 1 Core 5 | . . . . . . . . 1 . . . 1 . . 3 Reactor 7 | . . . . . . . . . 2 . 1 . . . 4 Propulsion 42 | 2 2 . 7 4 2 1 1 13 2 . . 4 . . 4 Treads 33 | 2 2 . 7 4 2 1 1 6 2 . . 3 . . 3 Leg 7 | . . . . . . . . 7 . . . . . . . Wheel 1 | . . . . . . . . . . . . 1 . . . Hover 1 | . . . . . . . . . . . . . . . 1 Flight . | . . . . . . . . . . . . . . . . Utility 82 | 1 2 . 5 1 . 1 6 6 4 . 2 15 12 3 24 Device 41 | . . . 2 . . . 1 1 2 . . 7 11 3 14 Storage 6 | 1 1 . . . . . . . . . . 2 1 . 1 Processor 9 | . 1 . . . . . 2 1 1 . 1 1 . . 2 Hackware 3 | . . . . . . . 2 . . . 1 . . . . Protection 23 | . . . 3 1 . 1 1 4 1 . . 5 . . 7 Artifact . | . . . . . . . . . . . . . . . . Weapon 82 | 2 . 1 6 24 4 1 6 17 4 . . 2 4 2 9 Energy Gun 30 | 1 . 1 3 16 2 . 1 5 1 . . . . . . Energy Cannon 2 | . . . 2 . . . . . . . . . . . . Ballistic Gun 4 | 1 . . . . . . . 1 2 . . . . . . Ballistic Cannon 5 | . . . . 1 . . . 3 . . . . . . 1 Launcher 8 | . . . . 1 . . 1 . . . . . 2 1 3 Special Weapon 1 | . . . . . . . 1 . . . . . . . . Impact Weapon 3 | . . . . 2 1 . . . . . . . . . . Slashing Weapon 15 | . . . . . . 1 2 4 1 . . 1 2 1 3 Piercing Weapon . | . . . . . . . . . . . . . . . . Special Melee Weapon 14 | . . . 1 4 1 . 1 4 . . . 1 . . 2 Unidentified Prototypes 11 | . . . 1 4 . 1 . . 4 . . 1 . . . Parts Lost 38 | . . 1 . 1 . . . 9 . . 3 1 . . 23 Power 9 | . . . . . . . . 1 . . 2 . . . 6 Propulsion 10 | . . . . . . . . 4 . . . 1 . . 5 Utility 16 | . . . . 1 . . . 3 . . 1 . . . 11 Weapon 3 | . . 1 . . . . . 1 . . . . . . 1 Highest Loss Streak 14 | . . 1 . 1 . . . 2 . . 2 1 . . 14 To Critical Strikes 1 | . . . . . . . . . . . . 1 . . . Average Slot Usage (%) 89 | . 97 100 99 99 100 99 97 92 83 80 79 77 76 76 70 Engine 7 | . 14 14 11 11 11 11 12 10 1 . . . . . 1 Core 1 | . . . . . . . . 1 1 . . 3 5 5 4 Reactor 2 | . . . . . . . . . 10 13 12 5 5 5 5 Treads 21 | . 27 28 33 32 33 33 26 14 14 13 13 16 11 11 9 Leg 1 | . . . . . . . . 10 . . . . . . . Wheel 1 | . . . . . . . . . . . . . 5 5 4 Device 8 | . . . 6 11 11 11 3 2 4 . . 7 16 17 15 Storage 8 | . 14 14 11 11 11 11 6 6 6 6 6 5 5 5 5 Processor 9 | . 12 14 4 . . . 11 18 20 26 25 16 11 11 8 Hackware 2 | . . . . . . . 7 7 6 6 6 5 . . . Protection 7 | . . . 10 11 11 11 12 9 6 6 6 5 5 5 8 Energy Gun 5 | . 14 23 13 21 19 . 2 1 . . . . . . . Ballistic Gun 1 | . 14 4 . . . . . . 3 . . . . . . Slashing Weapon 3 | . . . . . . 5 5 3 1 6 6 4 4 4 4 Special Melee Weapon 1 | . . . . . 1 11 3 1 . . . . . . . Naked Turns 9 | . . . . . . . . . . . . . . . 9 Heaviest Build 110 | 12 27 27 39 41 41 42 57 67 84 71 71 70 91 91 110 Greatest Support 183 | 40 40 40 60 60 60 60 80 100 160 160 160 183 20 20 20 Greatest Overweight (x) 23 | . . . . . . . . 1 . 23 . 3 4 4 5 Average Overweight (x) 1 | . . . . . . . . . . 5 . . 3 4 4 Largest Inventory Capacity 20 | 8 15 15 15 15 15 15 15 15 15 15 15 15 20 20 20 Average Capacity 15 | 6 14 15 15 15 15 15 15 15 15 15 15 15 18 20 19 Most Carried 20 | 5 15 14 15 15 15 15 15 15 15 15 15 15 19 20 20 Average Carried 14 | 3 11 13 13 14 14 14 13 14 14 14 14 13 15 19 18 Final Capacity 20 | 8 15 15 15 15 15 15 15 15 15 15 15 15 20 20 5 Final Carried 20 | 5 14 14 14 15 15 15 15 14 13 15 13 13 19 20 5 Class Distribution -------------------- 50% | Scavenger-Mutant 24% | Mutant 21% | Commander-Mutant 3% | Hacker-Mutant Dominant Class ---------------- Mutant | -10/Materials Mutant | -10/Mines Mutant | -9/Materials Scavenger-Mutant | -9/Storage Commander-Mutant | -9/Recycling Commander-Mutant | -9/Scraptown Commander-Mutant | -6/Factory Scavenger-Mutant | -6/Extension Scavenger-Mutant | -6/Cetus Scavenger-Mutant | -6/Archives Scavenger-Mutant | -6/Hub_04(d) Scavenger-Mutant | -5/Factory Scavenger-Mutant | -5/Upper Caves Scavenger-Mutant | -5/Upper Caves Scavenger-Mutant | -4/Factory Resources | -11 -10 -10 -9 -9 -9 -9 -6 -6 -6 -6 -6 -5 -5 -5 -4 ----------- Run | Yrd Mat Min Mat Sto Rec Scr Fac Ext Cet Arc Hub Fac Upp Upp Fac Matter Collected 3318 | 210 279 25 193 300 36 50 125 630 306 . 20 205 320 100 519 Remotely . | . . . . . . . . . . . . . . . . Salvage Created 8291 | . 737 53 988 1268 58 . 133 1601 259 . 63 495 182 219 2235 Parts 397 | . 41 7 61 71 4 . 12 66 12 . 4 17 7 6 89 Haulers Intercepted 14 | . 1 . 4 6 . . . . . . . . . . 3 Recyclers Shooed 8 | . . . 3 2 1 . . . . . . . . . 2 Parts Field Recycled . | . . . . . . . . . . . . . . . . Retrieved Matter . | . . . . . . . . . . . . . . . . Parts Self-Destructed 27 | . . . . . . . . . . . . . 17 10 . Prevented . | . . . . . . . . . . . . . . . . Kills | -11 -10 -10 -9 -9 -9 -9 -6 -6 -6 -6 -6 -5 -5 -5 -4 ------- Run | Yrd Mat Min Mat Sto Rec Scr Fac Ext Cet Arc Hub Fac Upp Upp Fac Combat Hostiles Destroyed 148 | . 17 3 23 29 1 . 2 21 3 . 1 7 6 4 31 Melee 42 | . . . . . . . 2 15 . . 1 7 . . 17 Guns 68 | . 17 3 13 29 1 . . 4 1 . . . . . . Cannons 15 | . . . 10 . . . . 1 2 . . . . . 2 AOE 21 | . . . . . . . . . . . . . 6 4 11 Classes Destroyed 16 | . 7 . 3 1 . . . 1 1 . 1 . . . 2 Worker 7 | . 2 . 1 1 . . . . . . . . . . 3 Builder 3 | . . . 2 . . . . 1 . . . . . . . Hauler 14 | . 1 . 4 6 . . . . . . . . . . 3 Recycler 6 | . 1 . . 1 . . . 2 . . . . . . 2 Mechanic 2 | . . . . 1 . . . . . . . . . . 1 Operator 4 | . 1 . . 1 . . 1 . . . 1 . . . . Watcher 9 | . 2 . 1 . . . . 3 1 . . 1 . . 1 Swarmer 32 | . 6 3 5 3 . . . . . . . . 3 4 8 Grunt 63 | . 11 . 11 13 . . 2 13 . . . 6 . . 7 Brawler 4 | . . . 1 . . . . 1 . . . . 1 . 1 Duelist 4 | . . . . . . . . . . . 1 . 2 . 1 Protector 2 | . . . . . . . . . . . . . . . 2 Sentry 28 | . . . 6 13 1 . . 6 . . . 1 . . 1 Hunter 2 | . . . . . . . . . . . . . . . 2 Programmer 9 | . . . . . . . . . . . . . . . 9 Behemoth 1 | . . . . . . . . 1 . . . . . . . Cetus Guard 3 | . . . . . . . . . 3 . . . . . . Guerrilla 1 | . . . . . . . . . 1 . . . . . . Best Kill Streak 9 | . 4 3 5 6 1 . 1 4 3 . 1 4 4 4 9 Combat Bots Only 8 | . 3 3 5 5 1 . 1 3 2 . 1 4 4 4 8 Max Kills in Single Turn 4 | . 2 1 2 2 1 . 1 2 2 . 1 1 3 4 4 Gunslinging 1 | . 1 . 1 . . . . . . . . . . . . Exploded 4 | . . . . . . . . . . . . . 3 4 4 Melee 1 | . . . . . . . 1 1 . . 1 1 . . 1 Uniques/NPCs Destroyed . | . . . . . . . . . . . . . . . . Combat | -11 -10 -10 -9 -9 -9 -9 -6 -6 -6 -6 -6 -5 -5 -5 -4 -------- Run | Yrd Mat Min Mat Sto Rec Scr Fac Ext Cet Arc Hub Fac Upp Upp Fac Hostile Shots Fired 1180 | . 65 17 77 86 12 . 9 262 11 4 120 35 14 2 466 Missed 382 | . 25 3 20 28 3 . 1 87 2 2 48 10 7 . 146 Damage Taken 13907 | . 417 125 711 720 157 . 171 2600 266 52 1479 440 146 36 6587 Core 1986 | . 58 19 55 107 . . 20 265 . . 188 58 53 9 1154 Absorbed by Shields 369 | . . . . . . . . . . . . 134 44 13 178 Reduced by Siege Mode 15 | . . . . . . . . . . . . 15 . . . Redirected to Shielding 88 | . . . . . . . . 8 . . . . . . 80 Regen/Repaired (Parts) 1777 | . 182 . 319 60 . . . . . . . 1200 . . 16 Core Remaining (%) 72 | 100 . 69 . . . 59 . . . . 44 . . 88 . Volleys Fired 274 | . 57 6 57 72 9 . 1 41 18 . . . 3 1 9 Largest 2 | . 2 2 2 2 2 . 1 2 2 . . . 1 1 1 Hottest 132 | . 70 90 130 130 112 . 50 132 92 . . . 50 50 57 Shots Fired 510 | . 113 12 112 146 18 . 1 67 28 . . . 3 1 9 Gun 415 | . 113 12 66 146 18 . . 50 10 . . . . . . Cannon 84 | . . . 46 . . . . 17 18 . . . . . 3 Launcher 11 | . . . . . . . 1 . . . . . 3 1 6 Special . | . . . . . . . . . . . . . . . . Kinetic 108 | . 57 3 . . . . . 17 28 . . . . . 3 Thermal 391 | . 56 9 112 146 18 . . 50 . . . . . . . Explosive 11 | . . . . . . . 1 . . . . . 3 1 6 Electromagnetic . | . . . . . . . . . . . . . . . . Robot Hit Streak 25 | . 17 2 23 25 12 . . 11 18 . . . 1 . 2 Robot Miss Streak 15 | . 3 2 5 7 1 . . 3 1 . . . 8 14 15 Penetration Max 1 | . . . . . . . . 1 1 . . . . . 1 Secondary Targets 5 | . 2 . 1 2 . . . . . . . . . . . Max Gunslinging Chain 1 | . 1 . 1 1 . . . . . . . . . . . Shots Hit Robots 632 | . 84 5 89 133 16 1 8 135 26 . 4 21 4 3 103 Core Hits 550 | . 36 3 95 192 4 . 4 46 14 . 3 10 13 7 123 Critical Kills 8 | . 1 . . . . . . 2 3 . . . . . 2 Critical Parts Destroyed 7 | . . . . . . . . 5 2 . . . . . . Critical Strikes 37 | . 4 . . . 1 . 2 17 7 . . . . . 6 Burn 9 | . 3 . . . 1 . . 5 . . . . . . . Destroy 18 | . 1 . . . . . . 8 7 . . . . . 2 Melee Attacks 277 | . . . . 5 . 1 8 90 2 2 6 25 5 4 129 Impact 3 | . . . . 3 . . . . . . . . . . . Slashing 241 | . . . . . . . 7 63 2 2 6 25 5 4 127 Piercing . | . . . . . . . . . . . . . . . . Sneak Attacks 53 | . . . . 2 . 1 1 33 . . . 1 . . 15 Combat Hostiles 6 | . . . . . . . . 3 . . . . . . 3 Follow-up Attacks 7 | . . . . . . . . 1 . . . . . . 6 Damage Inflicted 19541 | . 1185 62 1547 1993 293 . 303 3949 608 . 181 957 420 513 7530 Guns 5495 | . 1096 62 875 1993 282 . . 909 278 . . . . . . Cannons 1318 | . . . 573 . . . . 351 330 . . . . . 64 Explosions 3529 | . 83 . . . . . 16 . . . . . 354 277 2799 Melee 9071 | . . . . . . . 287 2681 . . 177 957 66 236 4667 Ramming 128 | . 6 . 99 . 11 . . 8 . . 4 . . . . Kinetic 1571 | . 525 23 . . . . . 351 608 . . . . . 64 Thermal 5242 | . 571 39 1448 1993 282 . . 909 . . . . . . . Explosive 3085 | . 83 . . . . . 16 . . . . . 354 277 2355 Electromagnetic 444 | . . . . . . . . . . . . . . . 444 Impact . | . . . . . . . . . . . . . . . . Slashing 9071 | . . . . . . . 287 2681 . . 177 957 66 236 4667 Piercing . | . . . . . . . . . . . . . . . . Highest Corruption 9 | . 2 2 . 1 1 1 . . . . . . . . 9 Average Corruption 2 | . 2 2 . 1 1 1 . . . . . . . . 5 Corruption Purged 4 | . . . . . . . . . . . . . . . 4 Corruption Blocked . | . . . . . . . . . . . . . . . . Effects 36 | . 1 4 . 6 6 . . . . . . . . . 19 Message Errors 10 | . . 1 . 3 . . . . . . . . . . 6 Matter Fused 9 | . 1 . . . 1 . . . . . . . . . 7 Heat Flow Errors 3 | . . . . . 2 . . . . . . . . . 1 Energy Discharges 7 | . . 2 . 1 1 . . . . . . . . . 3 Parts Rejected 1 | . . . . . . . . . . . . . . . 1 Data Loss (minor) 2 | . . 1 . . . . . . . . . . . . 1 Data Loss (major) 2 | . . . . . 2 . . . . . . . . . . Misfires 2 | . . . . 2 . . . . . . . . . . . Overload Shots . | . . . . . . . . . . . . . . . . Overflow Damage 499 | . . . 15 . . . . 64 . . . . . 189 231 Projectiles 15 | . . . 15 . . . . . . . . . . . . Explosions 15 | . . . . . . . . . . . . . . 15 . Melee 469 | . . . . . . . . 64 . . . . . 174 231 Knockbacks 4 | . . . 2 . . . . 1 . . 1 . . . . Impact 3 | . . . 2 . . . . . . . 1 . . . . Kinetic 1 | . . . . . . . . 1 . . . . . . . Secondary . | . . . . . . . . . . . . . . . . Self-Inflicted Damage 268 | . . . . . . . 19 . . . . . . 23 226 Shots 13 | . . . . . . . 1 . . . . . . 1 11 Rammed 18 | . 2 . 11 . 3 . . . . . 2 . . . . Targets Rammed 22 | . 3 . 12 . 3 . . 2 . . 2 . . . . Kicked 1 | . . . . . . . . 1 . . . . . . . Crushed 3 | . 1 . 1 . . . . 1 . . . . . . . Highest Temperature 732 | . 195 90 216 84 219 . 11 732 2 . 11 . . . 272 Average Temperature 61 | . 43 32 69 17 45 . 11 135 2 . 4 . . . 88 Received Heat Transfer 3144 | . 171 . 267 276 75 . 90 1095 18 . 150 120 9 . 873 Effects 11 | . . . . . . . . 11 . . . . . . . Shutdowns 1 | . . . . . . . . 1 . . . . . . . Energy Bleed 1 | . . . . . . . . 1 . . . . . . . Interference 4 | . . . . . . . . 4 . . . . . . . Matter Decay 2 | . . . . . . . . 2 . . . . . . . Short Circuit 1 | . . . . . . . . 1 . . . . . . . Damage (minor) 2 | . . . . . . . . 2 . . . . . . . Siege Activations 1 | . . . . . . . . . . . . 1 . . . Total Turns 14 | . . . . . . . . . . . . 14 . . . Longest Duration 14 | . . . . . . . . . . . . 14 . . . Robots Corrupted 1 | . . . . . . . . . . . . . . . 1 Combat Hostiles 1 | . . . . . . . . . . . . . . . 1 Parts Fried 3 | . . . . . . . . . . . . . . . 3 Impact Corruptions 1 | . . . . . . . . 1 . . . . . . . Robots Melted 1 | . . . . . . . . 1 . . . . . . . Combat Hostiles 1 | . . . . . . . . 1 . . . . . . . Parts Melted 19 | . 6 . 2 1 . . . 10 . . . . . . . Heat Transferred 9757 | . 1887 99 2284 2500 666 . . 2321 . . . . . . . Parts Sabotaged . | . . . . . . . . . . . . . . . . Parts Stolen . | . . . . . . . . . . . . . . . . Parts Stripped . | . . . . . . . . . . . . . . . . Power Chain Reactions . | . . . . . . . . . . . . . . . . Alert | -11 -10 -10 -9 -9 -9 -9 -6 -6 -6 -6 -6 -5 -5 -5 -4 ------- Run | Yrd Mat Min Mat Sto Rec Scr Fac Ext Cet Arc Hub Fac Upp Upp Fac Peak Influence 1520 | . 302 91 454 609 313 . 105 330 412 175 308 236 . . 1520 Initial 210 | . . 31 35 144 210 . . 43 94 48 . 150 . . . Average 231 | . 101 69 206 279 227 . 21 179 235 72 168 127 . . 662 Maximum Alert Level 4 | . 1 . 2 2 1 . . 1 2 . 1 1 . . 4 Low Security (%) 62 | 100 95 100 55 45 35 . 100 52 33 100 75 97 . . 25 Level 1 25 | . 4 . 40 29 64 . . 47 65 . 24 2 . . 7 Level 2 6 | . . . 4 25 . . . . . . . . . . 20 Level 3 2 | . . . . . . . . . . . . . . . 21 Level 4 3 | . . . . . . . . . . . . . . . 24 Level 5 . | . . . . . . . . . . . . . . . . High Security . | . . . . . . . . . . . . . . . . Max Security . | . . . . . . . . . . . . . . . . Squads Dispatched 37 | . 4 . . 3 . . 3 4 1 . 3 3 . . 16 Investigation 14 | . 3 . . 1 . . . 3 1 . . 2 . . 4 Extermination 6 | . . . . . . . 1 . . . . 1 . . 4 Reinforcement 11 | . 1 . . 1 . . 2 1 . . 2 . . . 4 Assault 4 | . . . . . . . . . . . 1 . . . 3 Garrison 2 | . . . . 1 . . . . . . . . . . 1 Intercept . | . . . . . . . . . . . . . . . . Searches Triggered . | . . . . . . . . . . . . . . . . Construction Impeded 4 | . . . . . . . 1 1 . . . . . . 2 Haulers Reinforced 1 | . . . . . . . . . . . . . . . 1 Active Scanning Responses . | . . . . . . . . . . . . . . . . Cargo Convoy Interrupts . | . . . . . . . . . . . . . . . . Stealth | -11 -10 -10 -9 -9 -9 -9 -6 -6 -6 -6 -6 -5 -5 -5 -4 --------- Run | Yrd Mat Min Mat Sto Rec Scr Fac Ext Cet Arc Hub Fac Upp Upp Fac Distress Signals 19 | . 1 . 3 2 . . . 1 2 . 2 . . . 8 Communications Jammed 67 | . . . . . . . . . . . . . . . 67 Distress Signals 53 | . . . . . . . . . . . . . . . 53 Times Spotted 298 | . 26 3 36 42 4 . 6 43 11 2 13 9 14 4 85 Peak Tracking Total 15 | . 4 3 5 6 2 . 2 5 5 1 6 4 4 2 15 Tactical Retreats 22 | . 1 . 4 3 . . 1 4 . . 1 . 1 . 7 Traps | -11 -10 -10 -9 -9 -9 -9 -6 -6 -6 -6 -6 -5 -5 -5 -4 ------- Run | Yrd Mat Min Mat Sto Rec Scr Fac Ext Cet Arc Hub Fac Upp Upp Fac Traps Triggered 8 | . 3 . . . . . . 2 . . . 1 . . 2 Indirectly . | . . . . . . . . . . . . . . . . Trap Hack Attempts 122 | . . . 19 61 . . 12 15 . . . 15 . . . Triggered 1 | . . . 1 . . . . . . . . . . . . Disarmed 7 | . . . 1 6 . . . . . . . . . . . Reprogrammed 18 | . . . 2 4 . . 1 2 . . 6 3 . . . Reused 6 | . . . . 1 . . . . . . 5 . . . . Traps Extracted . | . . . . . . . . . . . . . . . . Installed . | . . . . . . . . . . . . . . . . Triggered 6 | . . . . 1 . . . . . . 5 . . . . Machines | -11 -10 -10 -9 -9 -9 -9 -6 -6 -6 -6 -6 -5 -5 -5 -4 ---------- Run | Yrd Mat Min Mat Sto Rec Scr Fac Ext Cet Arc Hub Fac Upp Upp Fac Machines Disabled 21 | . 1 . . 1 . . . . 1 2 2 . . . 14 Max in Single Turn 6 | . 1 . . 1 . . . . 1 1 . . . . 6 Garrison Access 3 | . . . . 1 . . . . . . 1 . . . 1 Network Hub 2 | . . . . . . . . . . . 2 . . . . Machines Repaired . | . . . . . . . . . . . . . . . . Machines Dismantled . | . . . . . . . . . . . . . . . . Machines Sabotaged . | . . . . . . . . . . . . . . . . Overloaded Fab Kills . | . . . . . . . . . . . . . . . . Hacking | -11 -10 -10 -9 -9 -9 -9 -6 -6 -6 -6 -6 -5 -5 -5 -4 --------- Run | Yrd Mat Min Mat Sto Rec Scr Fac Ext Cet Arc Hub Fac Upp Upp Fac Machines Accessed 81 | . 9 . 11 14 5 5 3 13 1 . 2 6 1 1 10 Terminals 53 | . 7 . 8 12 5 . 1 12 1 . 2 2 . . 3 Fabricators 4 | . . . . . . . 1 . . . . . . . 3 Repair Stations 6 | . 1 . 2 1 . . . . . . . 2 . . . Recycling Units 6 | . 1 . . . . . . 1 . . . 2 . . 2 Scanalyzers 2 | . . . 1 . . . 1 . . . . . . . . Garrison Access 3 | . . . . 1 . . . . . . . . . . 2 Total Hacks 243 | . 31 . 38 33 14 30 5 33 2 . 6 18 1 1 31 Successful 144 | . 16 . 25 18 8 30 3 18 . . 5 11 1 1 8 Failed 99 | . 15 . 13 15 6 . 2 15 2 . 1 7 . . 23 Catastrophic 21 | . 2 . 1 2 1 . . 1 1 . . 3 . . 10 Database Lockouts . | . . . . . . . . . . . . . . . . Manual 95 | . 24 . 15 18 7 . 2 15 . . 4 4 . . 6 Terminals 146 | . 24 . 22 30 14 . 1 31 2 . 6 6 . . 10 Fabricators 10 | . . . . . . . 1 . . . . . . . 9 Repair Stations 27 | . 4 . 12 2 . . . . . . . 9 . . . Recycling Units 15 | . 3 . . . . . . 2 . . . 3 . . 7 Scanalyzers 7 | . . . 4 . . . 3 . . . . . . . . Garrison Access 6 | . . . . 1 . . . . . . . . . . 5 Terminal Hacks 69 | . 5 . 3 8 2 30 . 15 . . 3 1 1 1 . Record 19 | . . . . . . 19 . . . . . . . . . Part Schematic 1 | . 1 . . . . . . . . . . . . . . Robot Analysis 16 | . 3 . 1 . . 9 . 3 . . . . . . . Prototype ID Bank 5 | . 1 . 1 . 2 . . 1 . . . . . . . Open Door 14 | . . . . 5 . 1 . 6 . . . . 1 1 . Terminal Index 1 | . . . . . . . . . . . . 1 . . . Alert Level 2 | . . . . 1 . . . 1 . . . . . . . Unreport Threat 2 | . . . . 1 . . . 1 . . . . . . . Locate Traps 3 | . . . 1 . . . . 2 . . . . . . . Reprogram Traps 1 | . . . . . . . . . . . 1 . . . . Recall Investigation 1 | . . . . . . . . 1 . . . . . . . Recall Reinforcements 1 | . . . . . . . . . . . 1 . . . . Zone Layout 2 | . . . . 1 . . . . . . 1 . . . . Derelict Proto ID Bank 1 | . . . . . . 1 . . . . . . . . . Fabricator Hacks 1 | . . . . . . . . . . . . . . . 1 Network Status 1 | . . . . . . . . . . . . . . . 1 Repair Station Hacks 24 | . 4 . 12 2 . . . . . . . 6 . . . Scan Component 12 | . 2 . 6 1 . . . . . . . 3 . . . Repair 12 | . 2 . 6 1 . . . . . . . 3 . . . Recycling Unit Hacks 4 | . . . . . . . . 1 . . . 1 . . 2 Retrieve Components 4 | . . . . . . . . 1 . . . 1 . . 2 Scanalyzer 6 | . . . 4 . . . 2 . . . . . . . . Insert Component 3 | . . . 2 . . . 1 . . . . . . . . Analyze 3 | . . . 2 . . . 1 . . . . . . . . Garrison Access Hacks 2 | . . . . 1 . . . . . . . . . . 1 Seal Access 2 | . . . . 1 . . . . . . . . . . 1 Unauthorized Hacks 38 | . 7 . 6 7 6 . 1 2 . . 2 3 . . 4 Terminals 29 | . 6 . 6 7 6 . . 1 . . 2 1 . . . Botnet 8 | . 1 . 1 2 1 . . 1 . . 1 1 . . . Disrupt 1 | . . . . . . . . . . . 1 . . . . Skim 20 | . 5 . 5 5 5 . . . . . . . . . . Fabricators 3 | . . . . . . . 1 . . . . . . . 2 Liberate 3 | . . . . . . . 1 . . . . . . . 2 Repair Stations 5 | . . . . . . . . 1 . . . 2 . . 2 Recycling Units 1 | . 1 . . . . . . . . . . . . . . Tunnel 1 | . 1 . . . . . . . . . . . . . . Scrapoids 5 | . . . . . . . . 1 . . . 2 . . 2 Scanalyzers . | . . . . . . . . . . . . . . . . Garrison Access . | . . . . . . . . . . . . . . . . Data Cores Recovered 2 | . . . . 1 . . . . . . 1 . . . . Used 1 | . . . . . . . . . . . 1 . . . . Hacking Detections 57 | . 8 . 10 11 3 . . 10 1 . 2 4 . . 8 Full Trace Events 8 | . 1 . . 2 1 . . 1 1 . . . . . 2 Feedback Events 1 | . . . . 1 . . . . . . . . . . . Corruption 1 | . . . . 1 . . . . . . . . . . . Feedback Blocked . | . . . . . . . . . . . . . . . . Robot Schematics Acquired . | . . . . . . . . . . . . . . . . Robots Built . | . . . . . . . . . . . . . . . . Authchips . | . . . . . . . . . . . . . . . . Time . | . . . . . . . . . . . . . . . . Total Robot Build Rating . | . . . . . . . . . . . . . . . . Part Schematics Acquired 4 | . 1 . 2 . . . 1 . . . . . . . . Parts Built . | . . . . . . . . . . . . . . . . Authchips . | . . . . . . . . . . . . . . . . Time . | . . . . . . . . . . . . . . . . Total Part Build Rating . | . . . . . . . . . . . . . . . . Parts Repaired 12 | . 2 . 6 1 . . . . . . . 3 . . . Time 491 | . 52 . 291 26 . . . . . . . 122 . . . Parts Recycled . | . . . . . . . . . . . . . . . . Recycled Matter . | . . . . . . . . . . . . . . . . Retrieved Matter . | . . . . . . . . . . . . . . . . Retrieved Components 20 | . . . . . . . . 10 . . . 6 . . 4 Parts Scanalyzed 3 | . . . 2 . . . 1 . . . . . . . . Part Schematics Acquired 3 | . . . 2 . . . 1 . . . . . . . . Parts Damaged 1 | . . . 1 . . . . . . . . . . . . Bothacking | -11 -10 -10 -9 -9 -9 -9 -6 -6 -6 -6 -6 -5 -5 -5 -4 ------------ Run | Yrd Mat Min Mat Sto Rec Scr Fac Ext Cet Arc Hub Fac Upp Upp Fac Used RIF Installer . | . . . . . . . . . . . . . . . . Robots Hacked 6 | . . . . 2 . 1 1 1 . . . . . . 1 Non-combat 5 | . . . . 2 . . 1 1 . . . . . . 1 Combat 1 | . . . . . . 1 . . . . . . . . . Robot Hacks Applied 7 | . . . . 2 . 1 1 2 . . . . . . 1 parse_system 1 | . . . . . . 1 . . . . . . . . . no_distress 2 | . . . . . . . . 2 . . . . . . . find_chute 1 | . . . . . . . 1 . . . . . . . . find_recycling 3 | . . . . 2 . . . . . . . . . . 1 Relay Couplers Released . | . . . . . . . . . . . . . . . . Fabnet Peak Effective % . | . . . . . . . . . . . . . . . . Robots Rewired 18 | . . . . . . . . 16 . . . . 1 . 1 Allies Hacked 3 | . . . . . . . 2 . . . . . . . 1 Hacks Repelled . | . . . . . . . . . . . . . . . . Allies | -11 -10 -10 -9 -9 -9 -9 -6 -6 -6 -6 -6 -5 -5 -5 -4 -------- Run | Yrd Mat Min Mat Sto Rec Scr Fac Ext Cet Arc Hub Fac Upp Upp Fac Total Allies 67 | . . . . 10 . . 3 29 1 . . 10 1 . 13 Largest Group 16 | . . . . 10 10 10 12 16 16 5 3 5 4 3 10 Highest-Rated Group 488 | . . . . 88 88 88 167 488 488 236 172 235 188 124 449 Highest-Rated Ally 130 | . . . . 16 16 16 29 39 130 130 112 47 47 47 50 Total Orders 9 | . . . . . . . . . . . 1 2 . 4 2 STAY 4 | . . . . . . . . . . . 1 1 . 2 . FOLLOW 3 | . . . . . . . . . . . . 1 . 2 . EXPLORE 2 | . . . . . . . . . . . . . . . 2 Ally Attacks 626 | . . . . 3 15 . 57 128 95 17 38 22 77 4 170 Total Damage 12129 | . . . . 10 121 . 426 2322 1485 838 1146 475 1502 58 3746 Kills 81 | . . . . . 3 . 4 15 9 4 9 2 10 1 24 Allies Corrupted . | . . . . . . . . . . . . . . . . Allies Melted 1 | . . . . . . . . . . . 1 . . . . Intel | -11 -10 -10 -9 -9 -9 -9 -6 -6 -6 -6 -6 -5 -5 -5 -4 ------- Run | Yrd Mat Min Mat Sto Rec Scr Fac Ext Cet Arc Hub Fac Upp Upp Fac Robot Analysis Total 16 | . 3 . 1 . . 9 . 3 . . . . . . . Derelict Logs Recovered 4 | . . 1 . . . . . . . . . . 1 2 . Drone Launches 2 | . . . . . . . . . . . . . . . 2 Drone Recoveries 2 | . . . . . . . . . . . . . . . 2 Exploration | -11 -10 -10 -9 -9 -9 -9 -6 -6 -6 -6 -6 -5 -5 -5 -4 ------------- Run | Yrd Mat Min Mat Sto Rec Scr Fac Ext Cet Arc Hub Fac Upp Upp Fac Turns Passed 19345 | 95 1844 239 2003 1847 620 2369 644 2411 548 888 396 939 1193 1485 1824 Spaces Moved 10226 | 51 658 137 861 811 337 1469 334 1154 259 196 202 438 969 1249 1101 Core 84 | 1 . . . . . . . . . 47 . . . . 36 Treads 6307 | 50 658 137 861 811 337 1469 334 649 259 149 202 391 . . . Legs 505 | . . . . . . . . 505 . . . . . . . Wheels 3330 | . . . . . . . . . . . . 47 969 1249 1065 Hover . | . . . . . . . . . . . . . . . . Flight . | . . . . . . . . . . . . . . . . Fastest Speed 50 | 50 160 160 160 160 160 160 160 122 160 160 160 90 100 110 50 Average Speed 146 | 157 160 160 160 160 160 160 160 144 160 409 160 153 106 110 109 Slowest Speed 1200 | 160 160 160 160 160 160 160 160 240 160 1200 160 160 110 110 120 Overloaded Moves . | . . . . . . . . . . . . . . . . Propulsion Burnouts . | . . . . . . . . . . . . . . . . Robots Hopped . | . . . . . . . . . . . . . . . . Cave-ins Triggered . | . . . . . . . . . . . . . . . . Exploration Rate (%) 61 | 6 87 30 73 93 98 91 9 85 58 89 28 8 97 96 33 Regions Visited 15 Branch Regions 10 Pre-discovered Areas 9 | . 3 1 2 3 . . . . . . . . . . . Known Exits Taken 10 | . . 1 1 1 . . . 1 1 1 1 1 1 1 . Unknown Exits Taken 5 | 1 1 . . . 1 1 1 . . . . . . . . Scrap Searched 13 | . . . . . . 8 . . . . . . 4 1 . Spaces Dug 39 | . . . . 1 . . 21 . 2 . . 1 3 1 10 Terrain Destroyed 316 | . 12 . . 1 . . 21 4 5 . . 1 93 56 123 Melee 18 | . . . . 1 . . . . 2 . . 1 3 1 10 Projectile 7 | . . . . . . . . 4 3 . . . . . . AOE 291 | . 12 . . . . . 21 . . . . . 90 55 113 Terrain Rammed . | . . . . . . . . . . . . . . . . Walls Destroyed . | . . . . . . . . . . . . . . . . Machines Disabled . | . . . . . . . . . . . . . . . . Actions | -11 -10 -10 -9 -9 -9 -9 -6 -6 -6 -6 -6 -5 -5 -5 -4 --------- Run | Yrd Mat Min Mat Sto Rec Scr Fac Ext Cet Arc Hub Fac Upp Upp Fac Total 13798 | 64 1335 145 1368 1208 397 1489 426 1739 370 279 265 665 1109 1353 1586 Wait 2392 | 1 594 1 372 204 37 7 50 355 43 80 50 151 95 90 262 Move 10212 | 50 657 136 860 810 336 1468 333 1153 258 195 202 437 968 1248 1101 Hop . | . . . . . . . . . . . . . . . . Pick Up 101 | 6 12 1 14 9 2 4 4 12 9 2 . 7 6 3 10 Fast Attach 72 | 6 4 . 4 6 . 1 5 16 11 . 2 6 1 . 10 Attach 40 | . . 1 4 2 . . 3 9 . . 1 5 . . 15 Detach 29 | . 1 . . 2 . . . 9 5 . 2 3 1 . 6 Swap 119 | . 2 . 12 22 6 2 6 17 1 . . 11 15 5 20 Drop 113 | 1 5 . 14 15 4 6 3 19 23 . 1 5 2 2 13 Fire 274 | . 57 6 57 72 9 . 1 41 18 . . . 3 1 9 Melee 270 | . . . . 5 . 1 8 89 2 2 6 25 5 4 123 Ram . | . . . . . . . . . . . . . . . . Kick 1 | . . . . . . . . 1 . . . . . . . Crush 20 | . 3 . 12 . 3 . . 1 . . 1 . . . . Escape Stasis 18 | . . . . . . . . 2 . . . . . . 16 Rewire 14 | . . . . . . . . . . . . . 13 . 1 Trap 122 | . . . 19 61 . . 12 15 . . . 15 . . . Miscellaneous 1 | . . . . . . . 1 . . . . . . . . Route ------- -11/Scrapyard -10/Materials (discovered 4 exits: *Mat x3 / [*Min]) -10/Mines (discovered 3 exits: *Mat x2 / Sub) -9/Materials (discovered 6 exits: *Mat x3 / *Min / *Sto x2) -9/Storage (discovered 2 exits: *Mat / *Rec) -9/Recycling (discovered 2 exits: *Fac / *Scr) -9/Scraptown (discovered 2 exits: *Fac x2) -6/Factory -6/Extension (discovered 2 exits: *Fac / *Cet) -6/Cetus (discovered 2 exits: *Fac / *Arc) -6/Archives (discovered 3 exits: *Fac / *Hub x2) -6/Hub_04(d) (discovered 2 exits: *Fac x2) -5/Factory -5/Upper Caves -5/Upper Caves (discovered 2 exits: *Fac / *War) -4/Factory (discovered 1 exit: Res) History --------- Turn | Location | Event 36 | -11/Scrapyard | Discovered new exit (range 14) 96 | -11/Scrapyard | Entered Materials 312 | -10/Materials | Build established: Mutant 369 | -10/Materials | Discovered new exit (range 9) 515 | -10/Materials | Discovered new exit (range 15) 1158 | -10/Materials | Repaired Lgt. Treads 1185 | -10/Materials | Repaired Lgt. Treads 1272 | -10/Materials | Discovered new exit (range 16) 1513 | -10/Materials | Learned location of 2 exits from Mines 1558 | -10/Materials | Learned location of Mines (-8) 1595 | -10/Materials | Learned 2 Storage zone layouts 1624 | -10/Materials | Identified exit to Materials 1650 | -10/Materials | Learned location of Recycling (-9) 1661 | -10/Materials | Loaded intel: 8 terminal locations 1712 | -10/Materials | Learned 4 Subcaves zone layouts 1754 | -10/Materials | Learned location of 1 exit from Storage 1940 | -10/Materials | Entered Mines 1942 | -10/Mines | Identified exit to Subcaves 1943 | -10/Mines | Learned location of Storage (-9) 2093 | -10/Mines | Found a damaged Exp. Sensor Array with a note attached 2096 | -10/Mines | Found Prototype Device 2129 | -10/Mines | Assembled infested the area 2134 | -10/Mines | Assisted by a Guerilla fighting off Assembled 2179 | -10/Mines | Entered Materials 2179 | -9/Materials | Evolved 2 slots: Propulsion x1, Utility x1 2180 | -9/Materials | Identified exit to Materials 2180 | -9/Materials | Identified exit to Storage 2617 | -9/Materials | Discovered exit to Materials (range 15) 2644 | -9/Materials | Identified Exp. Sensor Array 2873 | -9/Materials | Repaired Broken Exp. Sensor Array 3261 | -9/Materials | Learned location of 1 exit from Recycling 3266 | -9/Materials | Repaired Lgt. Treads 3292 | -9/Materials | Repaired Lgt. Treads 3318 | -9/Materials | Repaired Lgt. Treads 3366 | -9/Materials | Learned location of 1 exit from Storage 3404 | -9/Materials | Learned Storage trap positions 3459 | -9/Materials | Identified exit to Mines 3477 | -9/Materials | Learned location of Zion (-6) 3541 | -9/Materials | Learned location of 3 exits from Materials 4052 | -9/Materials | Repaired Cld. Ion Engine 4079 | -9/Materials | Repaired Lgt. Treads 4182 | -9/Materials | Entered Storage 4184 | -9/Storage | Identified exit to Recycling 4186 | -9/Storage | Loaded intel: 19 trap records 4305 | -9/Storage | Build established: Scavenger-Mutant 4357 | -9/Storage | Garrison activated, responded to threat 4968 | -9/Storage | Repaired Lgt. Treads 5436 | -9/Storage | Found Prototype Launcher 5436 | -9/Storage | Identified Scatter Rocket Array 5493 | -9/Storage | Learned Recycling recycling unit intel 5504 | -9/Storage | Learned Materials stockpile data 5505 | -9/Storage | Learned 2 Materials zone layouts 5540 | -9/Storage | Build established: Mutant 5912 | -9/Storage | Assisted by bots powering up and referring to "LRC-V3" 6015 | -9/Storage | Used back door to open Recycling access 6029 | -9/Storage | Entered Recycling 6029 | -9/Recycling | Accompanied by 10 allies 6030 | -9/Recycling | Identified exit to Factory 6031 | -9/Recycling | Loaded intel: 3 recycling unit locations 6220 | -9/Recycling | Build established: Commander-Mutant 6572 | -9/Recycling | Scanned before Scraplab entrance 6621 | -9/Recycling | Entered Scraplab 6641 | -9/Recycling | Discovered new exit (range 4) 6649 | -9/Recycling | Entered Scraptown 6649 | -9/Scraptown | Accompanied by 10 allies 6653 | -9/Scraptown | System corruption cleaned by C-Scrubber 6951 | -9/Scraptown | Discovered new exit (range 5) 7066 | -9/Scraptown | Visited Symbiants 7094 | -9/Scraptown | Visited Bundlers 7185 | -9/Scraptown | Visited The Evicted 7218 | -9/Scraptown | Visited Cave Peace 7292 | -9/Scraptown | Visited Cyclists 7329 | -9/Scraptown | Visited Assassins FH 7386 | -9/Scraptown | Visited TADAMA 7426 | -9/Scraptown | Visited UFD Registry 7426 | -9/Scraptown | Registered with UFD as "Plasmawarp" 7464 | -9/Scraptown | Heard Great Nut preacher, LISTEN AND RECITE! 7718 | -9/Scraptown | Visited Botcube Research 7750 | -9/Scraptown | Visited Sword Containment 7847 | -9/Scraptown | Visited Supply Room 7882 | -9/Scraptown | Visited Analyses Database 7919 | -9/Scraptown | Visited Supply Room 7960 | -9/Scraptown | Visited Curators Association 8019 | -9/Scraptown | Visited Science Guys 8071 | -9/Scraptown | Visited Scrap Suit Storage 8387 | -9/Scraptown | Found Lrg. Botcube 8557 | -9/Scraptown | Discovered new exit (range 3) 8892 | -9/Scraptown | Entered Cyclist Reading Room 9018 | -9/Scraptown | Entered Factory 9018 | -6/Factory | Accompanied by 10 allies 9018 | -6/Factory | Evolved 6 slots: Power x1, Propulsion x1, Utility x4 9554 | -6/Factory | Discovered new exit (range 16) 9626 | -6/Factory | Lost 10 allies 9662 | -6/Factory | Entered Extension 9827 | -6/Extension | Build established: Hacker-Mutant 10422 | -6/Extension | Rescued a captive Derelict 10446 | -6/Extension | Rescued a captive Derelict 10466 | -6/Extension | Rescued a captive Derelict 10467 | -6/Extension | Rescued a captive Derelict 10536 | -6/Extension | Build established: Scavenger-Mutant 10927 | -6/Extension | Spotted B-75 Beast 10958 | -6/Extension | Spotted B-75 Beast 10963 | -6/Extension | Allies destroyed B-75 Beast 10998 | -6/Extension | Lost 9 allies 11016 | -6/Extension | Destroyed B-75 Beast 11231 | -6/Extension | Rescued a captive Derelict 11233 | -6/Extension | Rescued a captive Derelict 11495 | -6/Extension | Scrapoids reinforcements arrived? 11617 | -6/Extension | Rescued a captive Derelict 11829 | -6/Extension | Rescued a captive Derelict 12021 | -6/Extension | Build established: Commander-Mutant 12034 | -6/Extension | Discovered new exit (range 10) 12036 | -6/Extension | Discovered new exit (range 6) 12072 | -6/Extension | Identified exit to Cetus 12073 | -6/Extension | Entered Cetus 12073 | -6/Cetus | Accompanied by 16 allies 12095 | -6/Cetus | Spotted Cetus Guard 12095 | -6/Cetus | Spotted Cetus Guard 12096 | -6/Cetus | Destroyed Cetus Guard 12097 | -6/Cetus | Spotted Cetus Guard 12098 | -6/Cetus | Spotted Cetus Guard 12100 | -6/Cetus | Destroyed Cetus Guard 12111 | -6/Cetus | Allies destroyed Cetus Guard 12114 | -6/Cetus | Allies destroyed Cetus Guard 12241 | -6/Cetus | Discovered new exit (range 16) 12274 | -6/Cetus | Spotted Cetus Guard 12274 | -6/Cetus | Spotted Cetus Guard 12280 | -6/Cetus | Spotted Cetus Guard 12280 | -6/Cetus | Spotted Cetus Guard 12281 | -6/Cetus | Allies destroyed Cetus Guard 12284 | -6/Cetus | Allies destroyed Cetus Guard 12312 | -6/Cetus | Destroyed Cetus Guard 12313 | -6/Cetus | Allies destroyed Cetus Guard 12320 | -6/Cetus | Discovered new exit (range 15) 12328 | -6/Cetus | Met Revision 17 12335 | -6/Cetus | Lost 9 allies 12485 | -6/Cetus | Lrg. Botcube activated 12513 | -6/Cetus | Lrg. Botcube completed mutation into treaded form, armed with 3 guns, 1 cannon. 12531 | -6/Cetus | Identified exit to Factory 12588 | -6/Cetus | Build established: Scavenger-Mutant 12603 | -6/Cetus | Identified exit to Archives 12621 | -6/Cetus | Entered Archives 12621 | -6/Archives | Accompanied by 5 allies 12710 | -6/Archives | Discovered exit to Factory (range 16) 12760 | -6/Archives | Unable to access archive contents 12781 | -6/Archives | Discovered new exit (range 12) 12895 | -6/Archives | Discovered new exit (range 16) 13486 | -6/Archives | Identified exit to Hub_04(d) 13509 | -6/Archives | Entered Hub_04(d) 13509 | -6/Hub_04(d) | Accompanied by 3 allies 13744 | -6/Hub_04(d) | Discovered exit to Factory (range 21) 13824 | -6/Hub_04(d) | Discovered exit to Factory (range 6) 13882 | -6/Hub_04(d) | Core integrity fell below 50% 13895 | -6/Hub_04(d) | Network Hub disabled 13895 | -6/Hub_04(d) | Network Hub disabled 13900 | -6/Hub_04(d) | Spotted Lightning 13905 | -6/Hub_04(d) | Entered Factory 13905 | -5/Factory | Evolved 2 slots: Propulsion x1, Utility x1 14111 | -5/Factory | Scrapoid reinforcements arrived 14135 | -5/Factory | Discovered new exit (range 13) 14224 | -5/Factory | Identified exit to Upper Caves 14387 | -5/Factory | Lost 3 allies 14396 | -5/Factory | Found Scrap Suit 14469 | -5/Factory | Repaired Centrium Heavy Treads 14528 | -5/Factory | Repaired Centrium Medium Armor Plating 14731 | -5/Factory | Scrapoid reinforcements arrived 14804 | -5/Factory | Repaired Imp. Medium Armor Plating 14844 | -5/Factory | Entered Upper Caves 14844 | -5/Upper Caves | Accompanied by 4 allies 14846 | -5/Upper Caves | Attracted the attention of an 0b10 checkpoint 14880 | -5/Upper Caves | Learned 4 Factory zone layouts 15052 | -5/Upper Caves | Spotted B-75 Beast 15052 | -5/Upper Caves | Allies destroyed B-75 Beast 15507 | -5/Upper Caves | Discovered new exit (range 16) 15565 | -5/Upper Caves | Identified exit to Upper Caves 16037 | -5/Upper Caves | Entered another Upper Caves area 16037 | -5/Upper Caves | Accompanied by 3 allies 16179 | -5/Upper Caves | Discovered new exit (range 5) 16196 | -5/Upper Caves | Learned Factory stockpile data 16397 | -5/Upper Caves | Encountered a Warlord checkpoint 16888 | -5/Upper Caves | Discovered new exit (range 12) 17174 | -5/Upper Caves | Learned location of 1 exit from Factory 17238 | -5/Upper Caves | Identified exit to Warlord 17510 | -5/Upper Caves | Identified exit to Factory 17522 | -5/Upper Caves | Entered Factory 17522 | -4/Factory | Accompanied by 3 allies 17522 | -4/Factory | Evolved 2 slots: Power x1, Utility x1 17523 | -4/Factory | Identified exit to Research 17657 | -4/Factory | Scrapoids reinforcements arrived? 18141 | -4/Factory | Lost 4 allies 18269 | -4/Factory | Scrapoid reinforcements arrived 18310 | -4/Factory | Found Prototype Device 18311 | -4/Factory | Identified Exp. ECM Suite 18317 | -4/Factory | Lost 4 allies 18333 | -4/Factory | Spotted B-86 Titan 18361 | -4/Factory | Spotted B-86 Titan 18381 | -4/Factory | Lost 3 allies 18522 | -4/Factory | First assault squad dispatched 18745 | -4/Factory | Lost 3 parts (1n2u) 19315 | -4/Factory | Garrison activated, responded to threat 19322 | -4/Factory | Core integrity fell below 50% 19330 | -4/Factory | Core integrity fell below 20% 19336 | -4/Factory | Destroyed 8 combat bots 19346 | -4/Factory | Destroyed by H-77 Assassin with Coil Gun Last Messages --------------- 19326_ Critical hit (Burn: +37). 19326_ Penetrated by Slug. 19326_ Imp. Heavy Treads destroyed. 19326_ Slug penetrates G-67 Veteran. 19326_ Slug penetrates Wall. 19327_ The unstable cave ceiling collapses. 19327_ Penetrated by Slug. 19329_ Slug penetrates Wall. 19330_ Penetrated by Slug. 19330_ Imp. Melee Analysis Suite destroyed. 19331_ Penetrated by Slug. 19333_ OVNQNJQVOHUBC,BN<58DHDGDOKS5QP 19333_ Penetrated by Slug. 19335_ K-01 Serf cleans the Nuclear Reactor. 19338_ Connecting with Fabricator... 19339_ Acquired Imp. Antigrav System. 19341_ K-01 Serf cleans the Fabricator. Companion Sword: "Unequipping me isn't good for our relationship." 19346_ K-01 Serf cleans the Fabricator. Map ----- +----------------------------------------------------+ | ?????????????????????????????????????? | | ?????????????????????????????????????? | | ?????????????????????????????????????? | | ?????????????????????????????????????? | | ?????????????????????????????????????? | | ?????????????????????????????????????? | | ?????????????????????????????????????? | | ?????????????????????????????????????? | | ?????????????????????????????????????? | | ?????????????????????????????????????? | | ??????????? ???????????????????????? | | ????????? ???????????????????????? | | ????????# ???????????????????##### | | ????????# ???????????????????# | | ????????# ???????????????????#"" | | ????????# ???????????????????#"" | | ????????# ???????????????????#G ! | | ????????# #??????????????????#"" | | ????????# #??????????????????#"" | | ????????# #??????????????????# | | ????????# #??????????????????# | | ????????# #####+################ | | ????????# | | ????????# | | ????????# | | ????????# @ | | ????????# | | ????????#######;##########+######## | | ??????????????## # % | | ???????????????# """ # | | ???????????????# "" "" / """ # | | ???????????????# ""F"" """ # | | ???????????????# """k # | | ???????????????# !# / | | ???????????????################### | | | | | | | | | | | | | | | | | | | | | | | | | | | | | | | +----------------------------------------------------+ Best States ------------- Heat Dissipation 59 Energy Generation 54 Energy Capacity 775 Matter Stores 300 Matter Capacity 300 Sight Range 16 Robot Scan Range 20 Terrain Scan Density 10 Jamming Range 16 Armor Coverage 900 Core Shielding 30 Utility Shielding 66 Melee Speed Boost 20 Evasion (%) 55 Targeting Accuracy 6 Melee Accuracy 16 Core Analysis 6 Recoil Reduction 5 Offensive Hacking 10 Defensive Hacking 12 Item Schematics ----------------- Hcp. Storage Unit | -10/Materials | Hacked Exp. Sensor Array | -9/Materials | Scanalyzed Lgt. Treads | -9/Materials | Scanalyzed Imp. Titanium Leg | -6/Factory | Scanalyzed Robot Schematics ------------------ None Fabricated ------------ Nothing Alien Tech Used ----------------- None Achievements -------------- None Challenges ------------ None Game ------ Seed LobotomySubatomicRay Manual? 0 Play Time 01:53:34 Cumulative 1612.7 hours Start 2024.08.01 @ 01:13:33 End 2024.08.01 @ 03:08:28 Sessions 1 Manual Loads 0 Difficulty Rogue Special Mode None Game No. 1110 Rogue 1106 Adventurer 4 Explorer 0 Win Type - Total 205 Types 153/11/14/9/2/1/3/8/4 Lore% 96 Gallery% 96 Achievement% 98 Wizard Run 0 Options --------- Layout 2 ASCII 0 Keyboard 1 Movement Vi Keybinds 0 Fullscreen 0 Font 24/Terminus Map View 59x48 Zoom Use 0% Tactical HUD 1 Map Filters NONE Filters NONE Steam 1 RUN: ea77c464-2ec3-4b63-991b-14fc71df2937